Map: Flooded City

Players

StraightMY

  • Race: Zerg Zerg
  • League: Diamond
  • Spawn Location: 12:00

Zhanito

  • Race: Terran Terran
  • Spawn Location: 12:00

nsimeonov

  • Race: Terran Terran
  • Spawn Location: 6:00

ILIEKEGGPIE

  • Race: Protoss Protoss
  • League: Platinum
  • Spawn Location: 6:00

VOD

Have the link to the VOD?

Description

Time

  • Played on: June 5, 2018, 10:31 p.m.
  • Length: 14:34
Show
View Real Time Build Order
Export as new Build Order

StraightMY Zerg 

Build Orders: Pool First 

Get SALT Encoding   

  12  0:01  Drone  
  13  0:08  Drone  
  14  0:17  Overlord  
  14  0:26  Extractor  
  13  0:29  Drone  
  13  0:33  Overlord  
  14  0:40  Drone  
  15  0:44  Drone  
  16  0:58  Spawning Pool  
  16  1:02  Drone  
  17  1:11  Drone  
  17  1:26  Drone  
  18  1:33  Overlord  
  18  1:45  Queen  
  20  2:00  Zergling x6  
  23  2:05  Roach Warren  
  22  2:38  Zergling x2  
  22  2:39  Zergling x4  
  25  2:55  Hatchery  
  25  2:56  Metabolic Boost  
  24  3:06  Roach x5  
  34  3:25  Overlord  
  34  3:29  Roach  
  36  3:35  Roach  
  38  3:49  Roach x3  
  44  4:04  Roach  
  44  4:07  Overlord  
  38  4:26  Lair  
  38  4:28  Drone x3  
  38  4:29  Extractor  
  40  4:49  Drone x4  
  44  5:13  Drone x3  
  44  5:14  Drone x4  
  51  5:23  Queen  
  53  5:35  Ravager x2  
  55  5:36  Ravager x2  
  57  6:13  Drone x2  
  57  6:14  Drone  
  57  6:16  Overlord x4, Extractor  
  57  6:18  Extractor  
  54  6:42  Drone x3  
  54  6:43  Evolution Chamber x2  
  54  6:45  Drone x6  
  54  6:46  Drone  
  62  6:47  Queen  
  64  6:56  Glial Reconstitution  
  64  6:58  Infestation Pit  
  63  7:19  Zerg Missile Weapons Level 1  
  63  7:20  Zerg Ground Armor Level 1  
  63  7:23  Pneumatized Carapace  
  63  7:54  Hatchery  
  62  8:08  Hatchery  
  61  8:27  Hive  
  61  8:31  Hydralisk Den, Roach  
  61  8:32  Roach x11  
  84  8:46  Overlord x2  
  84  8:47  Overlord x2  
  84  9:26  Zergling x2  
  84  9:27  Hydralisk x4, Zergling x10  
  84  9:28  Hydralisk  
  84  9:30  Hydralisk  
  102  9:53  Viper x4  
  102  9:54  Viper  
  117  10:11  Muscular Augments  
  117  10:13  Zergling x10  
  117  10:14  Zergling x2  
  100  11:25  Hydralisk x9  
  95  11:26  Hydralisk x6  
  119  11:49  Drone x3  
  119  11:50  Drone x5  
  127  11:58  Extractor  
  127  11:59  Extractor, Queen  
  127  12:02  Overlord  
  127  12:12  Overlord x2  
  70  12:44  Hydralisk  
  70  12:45  Hydralisk x8  
  88  13:05  Zergling x20  
  92  13:06  Zergling x2  
  92  13:10  Drone x2  
  101  13:15  Drone x2  
  103  13:37  Viper x3  
  103  13:38  Viper  
  115  13:44  Drone x6  
Show
View Real Time Build Order
Export as new Build Order

Zhanito Terran 

Build Orders: Cyclone Opening 

Get SALT Encoding   

  12  0:01  SCV  
  13  0:13  SCV  
  14  0:19  Supply Depot  
  14  0:25  SCV  
  15  0:31  Refinery  
  15  0:43  Barracks  
  15  0:46  SCV  
  16  0:56  Refinery  
  16  0:58  SCV  
  17  1:10  SCV  
  18  1:22  SCV  
  19  1:31  Barracks Reactor  
  19  1:39  Factory  
  19  1:40  SCV  
  20  1:47  Supply Depot  
  20  1:56  Supply Depot  
  20  2:05  Factory  
  20  2:11  SCV  
  21  2:32  SCV  
  21  2:35  Barracks Reactor  
  22  2:38  Cyclone  
  25  2:44  SCV  
  26  2:57  SCV  
  26  2:58  Supply Depot  
  27  3:00  Cyclone  
  30  3:17  Supply Depot  
  30  3:28  Cyclone  
  30  3:32  Cyclone  
  36  3:35  Barracks Tech Lab  
  36  3:47  Cyclone  
  39  4:01  Cyclone  
  42  4:27  Cyclone  
  45  4:38  Cyclone  
  48  4:44  Orbital Command  
  48  4:54  Command Center  
  48  5:17  Starport  
  48  5:19  Starport  
  48  5:32  Barracks Reactor  
  48  5:35  SCV  
  49  5:48  SCV  
  50  6:00  SCV  
  50  6:01  Refinery  
  50  6:02  Refinery  
  51  6:10  Orbital Command  
  51  6:12  SCV  
  51  6:14  Engineering Bay  
  51  6:16  Starport Reactor x2  
  52  6:23  Factory  
  52  6:24  SCV  
  53  6:36  SCV  
  54  6:48  SCV  
  54  6:52  SCV  
  56  6:56  Missile Turret  
  56  7:00  SCV  
  57  7:02  Missile Turret  
  57  7:04  SCV  
  57  7:06  Medivac  
  60  7:12  SCV  
  61  7:16  SCV  
  62  7:24  SCV  
  62  7:28  SCV  
  64  7:34  Medivac  
  64  7:35  Medivac  
  64  7:36  SCV  
  69  7:40  SCV  
  70  7:45  Supply Depot, Medivac x2  
  70  7:46  Supply Depot  
  70  7:47  Missile Turret  
  74  8:06  SCV  
  74  8:07  SCV  
  76  8:18  SCV  
  76  8:19  SCV, Command Center  
  78  8:24  Cyclone  
  81  8:30  SCV  
  81  8:31  SCV  
  81  8:32  Cyclone  
  86  8:44  Hi-Sec Auto Tracking  
  86  8:49  Medivac x3  
  92  9:30  Siege Tank, Cyclone x4  
  92  9:31  SCV x2  
  109  9:43  SCV x2  
  111  9:55  SCV x2  
  113  10:07  SCV x2  
  94  10:51  Factory x2  
  94  10:52  Factory x3  
  94  10:55  Orbital Command  
  94  11:03  Refinery  
  94  11:04  Refinery  
  73  12:00  Factory Tech Lab x5  
  73  12:09  Armory  
  73  12:12  Armory  
  73  12:13  Armory  
  74  12:15  SCV  
  74  12:16  SCV  
  75  12:25  SCV  
  75  12:27  SCV  
  75  12:28  SCV  
  78  12:37  SCV  
  78  12:39  Siege Tank x6, SCV  
  78  12:40  SCV  
  78  12:41  Cyclone  
  78  12:42  Cyclone x3  
  111  12:50  SCV  
  112  12:52  SCV x2  
  114  13:11  Siege Tank x2, Cyclone  
  123  13:32  Command Center  
  123  13:38  Hellion  
  125  13:45  Supply Depot  
  125  13:46  Supply Depot, Command Center  
  125  13:47  Supply Depot  
  125  13:48  Supply Depot  
  125  13:49  Supply Depot  
  125  14:07  Hellion  
  125  14:08  Hellion x2  
  125  14:09  Hellion  
Show
View Real Time Build Order
Export as new Build Order

nsimeonov Terran 

Build Orders: Mech 

Get SALT Encoding   

  12  0:07  SCV  
  13  0:13  Supply Depot  
  13  0:19  SCV  
  14  0:31  SCV  
  15  0:40  Barracks  
  15  0:44  SCV  
  16  0:56  SCV  
  17  1:07  Refinery  
  17  1:08  SCV  
  18  1:12  Refinery  
  18  1:20  SCV  
  19  1:29  Supply Depot  
  19  1:33  SCV  
  19  1:35  Barracks  
  20  1:41  Marine  
  20  1:45  SCV  
  22  1:58  Marine  
  22  1:59  Orbital Command  
  23  2:16  Marine  
  23  2:20  Factory  
  24  2:28  Marine  
  25  2:31  SCV  
  25  2:34  Marine  
  25  2:35  Supply Depot  
  27  2:43  SCV  
  28  2:49  Marine  
  29  2:52  Marine  
  29  2:55  SCV  
  31  3:00  Supply Depot  
  31  3:03  Factory Tech Lab  
  31  3:10  Marine  
  32  3:14  Armory  
  32  3:18  Marine  
  33  3:23  Siege Tank  
  36  3:27  Marine  
  37  3:40  Marine  
  38  3:55  Siege Tank  
  41  4:12  Marine x2  
  43  4:23  Factory  
  43  4:24  Terran Vehicle Weapons Level 1  
  43  4:27  Siege Tank  
  46  4:37  Marine  
  47  4:44  Supply Depot  
  47  4:45  Command Center  
  47  5:05  Marine  
  48  5:09  Factory Tech Lab  
  48  5:11  Starport  
  48  5:12  Marine  
  49  5:18  SCV  
  50  5:23  Armory, Marine  
  51  5:30  SCV  
  52  5:36  Siege Tank  
  55  5:47  Siege Tank  
  58  5:50  Supply Depot  
  58  6:00  Marine  
  59  6:10  Refinery  
  59  6:13  Refinery  
  59  6:33  Siege Tank  
  59  6:35  Hellbat  
  59  6:36  Marine x2  
  66  6:43  Orbital Command  
  66  6:47  Engineering Bay  
  66  6:54  SCV, Marine x2  
  67  6:56  Terran Vehicle Weapons Level 2, Terran Vehicle And Ship Armor Level 1  
  69  7:06  SCV  
  70  7:12  Infernal Pre-Igniter  
  70  7:14  Marine x2  
  72  7:21  SCV  
  73  7:25  SCV  
  74  7:33  SCV  
  74  7:35  Marine x2  
  74  7:36  Siege Tank x2  
  83  7:37  SCV  
  84  7:50  SCV  
  85  7:57  Command Center  
  85  7:59  SCV  
  86  8:08  Missile Turret, Liberator  
  86  8:12  Missile Turret  
  86  8:17  SCV x2  
  86  8:19  Supply Depot  
  88  8:22  Missile Turret  
  91  8:29  SCV  
  92  8:41  Supply Depot, SCV  
  92  8:42  Supply Depot  
  93  8:50  Supply Depot x2  
  93  8:54  SCV  
  93  8:55  SCV  
  95  8:56  Terran Vehicle And Ship Armor Level 2  
  95  9:00  Thor  
  101  9:05  Liberator  
  101  9:14  Supply Depot  
  101  9:15  Thor  
  107  9:20  Factory  
  110  9:31  Factory, Marine  
  111  10:16  Factory Tech Lab  
  111  10:17  Factory Tech Lab  
  111  10:18  Starport Tech Lab  
  111  10:21  Thor, Factory  
  111  10:25  Orbital Command  
  117  10:28  Refinery  
  117  10:43  Missile Turret  
  117  10:44  Missile Turret  
  117  10:46  SCV  
  117  10:48  Hi-Sec Auto Tracking  
  109  11:05  Missile Turret  
  109  11:06  Missile Turret  
  65  11:26  Missile Turret  
  65  11:28  Siege Tank  
  65  11:29  Siege Tank x2  
  65  11:32  Factory Tech Lab  
  77  11:38  SCV  
  78  11:41  Refinery  
  78  11:42  Marine  
  78  11:43  Marine  
  78  11:45  Structure Armor  
  80  11:50  SCV  
  80  11:54  SCV  
  82  11:58  Supply Depot  
  82  12:00  Siege Tank, Marine  
  82  12:01  Siege Tank, Marine  
  90  12:02  SCV  
  90  12:03  Hellbat x2  
  90  12:06  SCV  
  96  12:18  Marine x2  
  96  12:20  Medivac  
  93  12:23  Supply Depot  
  93  12:24  Hellbat  
  82  12:36  Marine x2  
  66  12:49  Siege Tank x4  
  66  12:50  Medivac  
  80  12:52  SCV  
  80  12:53  Marine  
  80  12:54  Marine  
  83  13:04  SCV  
  84  13:08  Command Center  
  84  13:11  Marine  
  84  13:12  Marine  
  86  13:16  SCV  
  87  13:20  Viking  
  87  13:21  Siege Tank, Hellbat x2  
  87  13:22  Hellbat  
  98  13:28  SCV  
  98  13:29  Marine  
  98  13:30  Marine  
  101  13:40  SCV  
  102  13:47  Marine  
  122  14:18  Barracks Tech Lab  
  122  14:22  Barracks Reactor  
Show
View Real Time Build Order
Export as new Build Order

ILIEKEGGPIE Protoss 

Build Orders:  

Get SALT Encoding   

  12  0:01  Probe  
  13  0:13  Probe  
  14  0:20  Pylon  
  14  0:25  Probe  
  15  0:34  Probe  
  15  0:40  Gateway  
  15  0:42  Probe  
  17  0:51  Assimilator  
  17  0:59  Probe  
  18  1:09  Probe  
  18  1:17  Probe  
  20  1:26  Probe  
  20  1:32  Cybernetics Core  
  21  1:36  Pylon  
  21  1:39  Assimilator  
  21  1:40  Probe  
  22  1:57  Gateway x2  
  22  1:59  Probe  
  23  2:08  Stalker  
  23  2:11  Probe  
  25  2:42  Pylon  
  25  2:44  Stalker  
  25  2:45  Stalker  
  25  2:51  Stalker  
  31  2:54  Warp Gate  
  31  3:04  Pylon  
  31  3:22  Stalker x2  
  31  3:26  Stalker  
  35  3:28  Pylon  
  37  3:53  Robotics Facility  
  37  4:10  Pylon  
  37  4:22  Pylon  
  37  4:24  Pylon  
  37  4:35  Immortal  
  41  4:55  Shield Battery  
  41  5:01  Assimilator  
  41  5:06  Assimilator  
  41  5:15  Nexus  
  41  5:19  Sentry x3  
  47  5:28  Forge  
  47  5:31  Forge  
  47  5:49  Stalker  
  49  5:50  Stalker x2  
  49  5:55  Cybernetics Core  
  53  6:00  Probe  
  54  6:12  Probe  
  55  6:24  Probe  
  56  6:27  Protoss Ground Weapons Level 1  
  56  6:28  Protoss Ground Armor Level 1  
  56  6:43  Immortal  
  56  6:44  Probe x2  
  62  6:56  Probe  
  62  6:57  Probe  
  64  7:11  Stalker x3  
  70  7:16  Gateway  
  70  7:23  Immortal  
  74  7:49  Photon Cannon x2  
  74  7:50  Stalker  
  74  7:51  Stalker  
  78  7:57  Pylon  
  78  8:00  Pylon  
  78  8:15  Immortal  
  82  8:29  Pylon  
  82  8:40  Probe x2  
  84  8:45  Pylon  
  84  8:48  Pylon  
  84  8:52  Probe x2  
  86  9:04  Probe x2  
  88  9:16  Probe x2  
  90  9:22  Nexus  
  90  9:29  Probe x2  
  92  9:39  Stalker x2  
  92  9:40  Stalker x2  
  92  9:41  Probe  
  92  9:44  Observer  
  102  10:02  Pylon  
  75  10:35  Stalker x3  
  77  10:36  Stalker  
  83  11:18  Assimilator  
  83  11:19  Assimilator  
  71  11:55  Robotics Facility  
  71  11:58  Robotics Facility  
  71  12:10  Twilight Council  
  71  12:13  Stalker  
  71  12:14  Zealot  
  71  12:15  Stalker x2  
  67  12:38  Charge  
  53  12:47  Stalker  
  53  12:48  Stalker x2  
  59  12:59  Immortal x3  
  59  13:03  Nexus  
  71  13:29  Gateway  
  71  13:30  Gateway  
  71  13:44  Zealot x2  
  71  13:45  Zealot x2  
  58  14:31  Pylon  
Tags
 
Add a new tag
Caveats
  • Supply blocks, unpowered buildings, or Contaminate may cause inaccurate times.
  • Supply counts are checked every 10 seconds.